 Dungeon Crawl Stone Soup version 0.31-a0-240-gb923e448b6 (webtiles) character file.

Game seed: 2730005598772574782

63 Nattfarinn the Stinger (level 4, 0/27 HPs)
             Began as an Octopode Venom Mage on July 12, 2023.
             Slain by a black bear (1 damage)
             ... on level 2 of the Dungeon.
             The game lasted 00:04:23 (1921 turns).

Nattfarinn the Stinger (Octopode Venom Mage)        Turns: 1921, Time: 00:04:24

Health: 0/27       AC:  1    Str:  9    XL:     4   Next: 9%
Magic:  0/7        EV: 13    Int: 17    God:
Gold:   81         SH:  0    Dex: 12    Spells: 4/7 levels left

rFire   . . .        (no weapon)
rCold   . . .        (no shield)
rNeg    . . .        (helmet currently unavailable)
rPois   .            m - amulet of guardian spirit
rElec   .            (no ring)
rCorr   .            (no ring)
SInv    .            (no ring)
Will    .....        (no ring)
Stlth   +++          (no ring)
HPRegen 0.24/turn    (no ring)
MPRegen 0.10/turn    (no ring)
                     (no ring)

%: guardian spirit
@: beast-form
A: beast (slay +0), almost no armour, amphibious, 8 rings, camouflage 1,
gelatinous body 1, (nimble swimmer 1), tentacles
a: no special abilities


You were on level 2 of the Dungeon.
You were a hulking beast.
You visited 1 branch of the dungeon, and saw 2 of its levels.

You collected 81 gold pieces.

Inventory:

Jewellery
 m - an amulet of guardian spirit (around mantle)
Talismans
 i - a beast talisman
Scrolls
 c - a scroll of enchant weapon {unknown}
 d - 2 scrolls of vulnerability {unknown}
 e - 2 scrolls of identify {unknown}
 h - 4 scrolls of teleportation {unknown}
 l - a scroll of silence {unknown}
Potions
 a - a potion of magic
 b - a potion of might {unknown}
 f - a potion of mutation {unknown}
 g - a potion of curing {unknown}
 j - a potion of degeneration {unknown}
 k - a potion of cancellation {unknown}


   Skills:
 - Level 2.0 Dodging
 - Level 2.6 Stealth
 - Level 2.0 Spellcasting
 - Level 1.0 Transmutations
 - Level 5.4 Poison Magic
 * Level 1.2 Shapeshifting


You had 4 spell levels left.
You knew the following spells:

 Your Spells              Type           Power      Damage    Failure   Level
a - Sting                 Tmut/Pois      48%        1d5       5%          1
b - Poisonous Vapours     Pois/Air       20%        N/A       10%         2

Your spell library contained the following spells:

 Spells                   Type           Power      Damage    Failure   Level
 Kiss of Death            Conj/Necr      4%         2d5       19%         1
 Olgreb's Toxic Radiance  Pois           20%        N/A       22%         4
 Mephitic Cloud           Conj/Pois/Air  7%         N/A       28%         3
 Confusing Touch          Hex            1%         N/A       50%         3
 Dispel Undead            Necr           1%         3d6       88%         4


Dungeon Overview and Level Annotations

Branches:
Dungeon (2/15)

Altars:


Innate Abilities, Weirdness & Mutations

You are a hulking beast.
Your limbs bulge with bestial killing power. (Slay +0)
You cannot wear most types of armour.
You are amphibious.
You can wear up to eight rings at the same time.
Your skin changes colour to match your surroundings (Stealth+).
Your rubbery body absorbs attacks. (AC +1, EV +1)
((You are camouflaged when in or above water. (Stealth+)))
You have tentacles for arms and can constrict up to eight enemies at once.


Message History

The ball python is poisoned.
Poisonous vapours surround the ball python!
The ball python looks even sicker.
The ball python closely misses you. The ball python grabs you.
The ball python constricts you.
You tentacle-slap the ball python.
You kill the ball python!
No target in view!
Found a faded altar of an unknown god.
Found a stone staircase leading down.
The black bear growls angrily.
Poisonous vapours surround the black bear!
The black bear is poisoned.
Poisonous vapours surround the black bear!
The black bear looks even sicker.
Poisonous vapours surround the black bear!
The black bear looks even sicker.
You completely miss the black bear. You grab the black bear.
The black bear is lightly wounded.
You constrict the black bear, but do no damage.
The black bear misses you. The black bear barely misses you.
The black bear claws you.
You tentacle-slap the black bear.
The black bear is heavily wounded.
You constrict the black bear. The black bear bites you!
The black bear claws you. The black bear closely misses you.
You tentacle-slap the black bear but do no damage.
You squeeze the black bear.
The black bear is severely wounded.
You constrict the black bear. The black bear closely misses you.
The black bear claws you. The black bear barely misses you.
You tentacle-slap the black bear but do no damage.
The black bear is severely wounded.
You constrict the black bear.
The black bear goes berserk!
You tentacle-slap the black bear but do no damage.
The black bear is almost dead.
You constrict the black bear. The black bear bites you!
* * * LOW HITPOINT WARNING * * *
The black bear barely misses you. The black bear claws you.
You die...

#.#.#..#......##..###.##....#
#.#....#...........>...#.#..#
.......#.......#............#
.......#....................####
........................#......##
............##.........###.###...
.......................###.####..
.....#.........#h................
h....###P###.###h##..............
.....#..P......#.......#.#.......
.)...#P#P#P#.#.#..###.......÷....
..)..#......P..#..# #............
#....###.###P###..# #............
)..<.#PP.P_P..P#..###.###........
..†..###.###.###...#.............
)....#.........#.................
.)...#P#.#.#P#P#.................


You could see a black bear (berserk, very poisoned).

Vanquished Creatures
  An adder (D:2)
  A worm (D:2)
  A dart slug (D:1)
  11 bats
  4 endoplasms
  2 giant cockroaches (D:1)
  4 hobgoblins (D:1)
  3 kobolds
  2 quokkas (D:1)
  10 ball pythons
  3 frilled lizards (D:1)
  4 goblins
  3 rats
49 creatures vanquished.

Notes
Turn   | Place    | Note
-------+----------+-------------------------------------------
     0 | D:1      | Nattfarinn the Octopode Venom Mage began the quest for the
                  | Orb.
     0 | D:1      | Reached XP level 1. HP: 11/11 MP: 3/3
    43 | D:1      | Reached skill level 4 in Poison Magic
    55 | D:1      | Reached XP level 2. HP: 2/17 MP: 0/5
   566 | D:1      | Reached XP level 3. HP: 18/21 MP: 3/6
   601 | D:1      | Reached skill level 5 in Poison Magic
  1334 | D:2      | Noticed a black bear
  1489 | D:2      | Reached skill level 1 in Shapeshifting
  1525 | D:2      | Reached XP level 4. HP: 24/27 MP: 4/7
  1598 | D:2      | Learned a level 2 spell: Poisonous Vapours
  1798 | D:2      | Found a faded altar of an unknown god.
  1921 | D:2      | HP: 1/27 [black bear (9)]
  1921 | D:2      | Slain by a black bear

Illustrated notes

Levels and vault maps discovered:
D:1:      ldierk_walled_garden_2, layout_loops_corners,
          chequers_serial_rivers_micro_b, ebering_dispersal_statue_hall,
          minmay_ruptured
D:2:      layout_rooms, shapermc_ecumenical_altar_mp_urbaneastern,
          nrook_mini_backslash

Skill      XL: |  1  2  3 |
---------------+----------+-----
Poison Magic   | 4 5 |  5.4
Shapeshifting  | 1 |  1.2
Dodging        | |  2.0
Stealth        | |  2.6
Spellcasting   | |  2.0
Transmutations | |  1.0

Action                     |  1- 3 |  4- 6 || total
---------------------------+-------+-------++-------
  Melee: Unarmed           |    51 |    16 ||    67
         Constrict         |    12 |     8 ||    20
         Tentacles         |    18 |     1 ||    19
         Punch             |     1 |     1 ||     2
   Cast: Sting             |    42 |     1 ||    43
         Poisonous Vapours |       |     8 ||     8
   Stab: Sleeping          |     1 |       ||     1
 Armour: Skin              |     5 |     4 ||     9
  Dodge: Dodged            |    49 |    12 ||    61
   Form: Beast             |     1 |       ||     1

Table legend: (Time is in decaauts)
 A = Elapsed time spent in this place.
 B = Non-inter-level travel time spent in this place.
 C = Inter-level travel time spent in this place.
 D = Time resting spent in this place.
 E = Time spent auto-exploring this place.
 F = Levels seen in this place.
 G = Mean time per level.
                   A        B        C        D        E       F      G
               +--------+--------+--------+--------+--------+-----+--------+
         Total |   1921 |   1851 |     70 |     67 |   1419 |   2 |  960.5 |
       Dungeon |   1921 |   1851 |     70 |     67 |   1419 |   2 |  960.5 |
               +--------+--------+--------+--------+--------+-----+--------+

Top non-repeatable levels by time:
     D:1: 1248 daAuts
     D:2: 672 daAuts
